Canucks vs Blackhawks

Created - 8 novembre 2014 at 19:09

Goals
1 2 3 T
Canucks 1 4 1 6
Blackhawks 1 1 0 2
Shots
1 2 3 T
Canucks 8 16 14 38
Blackhawks 5 10 13 28

1st period

1. Blackhawks , Robert Nilsson 11 (Kris Versteeg) at 3:14 (PP)
2. Canucks , Joe Sakic 4 (Clarke MacArthur, David Jones) at 5:06

Penalties :
Ryan Craig (Van) for Roughing (Minor) at 2:59, Alex Tanguay (Van) for Hooking (Minor) at 7:56, Dominic Moore (Chi) for Slashing (Minor) at 11:35, Chris Higgins (Chi) for Holding (Minor) at 14:18

2nd period

3. Canucks , Matt Stajan 6 (Peter Worrell, Kim Johnsson) at 3:26
4. Canucks , Peter Worrell 6 (Matt Stajan, Chris Phillips) at 6:57
5. Canucks , Clarke MacArthur 6 (Joe Sakic, David Jones) at 7:13
6. Blackhawks , George Parros 4 (Daniel Carcillo, Oleg Kvasha) at 13:21
7. Canucks , Matt Stajan 7 (Jaromir Jagr, Kim Johnsson) at 18:30

Penalties :
Steve Bernier (Chi) for Roughing (Minor) at 9:09, Jeff Schultz (Chi) for Hooking (Minor) at 13:52

3rd period

8. Canucks , Fabian Brunnstrom 7 (Nikolai Zherdev, Maxim Lapierre) at 4:32

Penalties :
Scott Gomez (Chi) for Holding (Minor) at 7:41

Goalie Stats

Carey Price (Van), 26 saves from 28 shots - (0,929), W, 8-8-3, 60:00 minutes
Jocelyn Thibault (Chi), 20 saves from 22 shots - (0,909), 32:47 minutes
Roberto Luongo (Chi), 12 saves from 16 shots - (0,750), L, 12-5-2, 27:13 minutes

Players Stats for Canucks

Player Name              G  A  P  +/- PIM S  H  SB GA TA FO     MP     PP MP  PK MP  
------------------------------------------------------------------------------------
Alex Tanguay             0  0  0   0  2   1  1  1  1  0  0/0     6:47   0:11   0:00 
Andy Rogers              0  0  0   1  0   0  0  1  0  1  0/0    11:22   0:00   0:00 
Chris Phillips           0  1  1   4  0   1  0  1  0  0  0/0    20:17   4:37   0:50 
Clarke MacArthur         1  1  2   1  0   6  0  0  1  1  0/0    20:11   4:21   0:18 
David Jones              0  2  2   1  0   2  3  1  0  0  0/0    19:53   4:21   0:00 
Fabian Brunnstrom        1  0  1   1  0   3  1  0  0  0  0/0    10:28   0:14   0:00 
Jaromir Jagr             0  1  1   3  0   4  2  1  1  0  3/5    22:09   5:23   1:16 
Jeremy Williams          0  0  0   0  0   1  1  0  0  0  1/1     6:40   0:08   0:00 
Joe Sakic                1  1  2   1  0   3  2  1  1  0  9/18   20:30   4:21   0:32 
Kim Johnsson             0  2  2   0  0   1  4  1  0  0  0/0    28:21   5:18   1:24 
Matt Stajan              2  1  3   3  0   3  2  0  0  0  15/30  21:30   5:23   0:32 
Maxim Lapierre           0  1  1   1  0   1  3  0  0  0  1/3    10:12   0:00   0:00 
Nikolai Zherdev          0  1  1   1  0   1  0  0  0  0  0/1    10:47   0:00   0:35 
Peter Worrell            1  1  2   3  0   3  2  0  0  1  1/1    22:08   5:23   1:15 
Ryan Craig               0  0  0   0  2   1  0  0  0  0  1/1     6:29   0:00   0:00 
Sami Lepisto             0  0  0   4  0   2  0  0  0  0  0/0    20:17   4:37   0:50 
Steve Montador           0  0  0   0  0   5  2  1  0  1  0/0    28:21   5:18   1:24 
Taylor Chorney           0  0  0   1  0   0  1  0  0  2  0/0    11:22   0:00   0:00 

Players Stats for Blackhawks

Player Name              G  A  P  +/- PIM S  H  SB GA TA FO     MP     PP MP  PK MP  
------------------------------------------------------------------------------------
Chris Campoli            0  0  0  -3  0   2  1  1  0  0  0/0    13:58   1:00   3:23 
Chris Higgins            0  0  0  -1  2   3  1  0  1  0  1/1    13:43   0:55   1:28 
Daniel Carcillo          0  1  1   1  0   3  1  0  0  0  0/0     5:48   0:00   0:19 
Dominic Moore            0  0  0  -1  2   0  1  0  0  0  4/9    14:16   0:00   4:08 
George Parros            1  0  1   0  0   4  1  0  0  1  0/0    10:29   0:00   0:00 
Henrik Zetterberg        0  0  0  -1  0   3  1  0  1  0  1/2    19:39   1:14   0:00 
Jamie Langenbrunner      0  0  0  -4  0   0  1  0  0  0  1/1    20:24   1:19   5:15 
Jeff Schultz             0  0  0  -1  2   0  0  1  0  0  0/0    25:49   0:00   4:28 
John Carlson             0  0  0  -1  0   1  0  0  0  0  0/0    11:56   1:14   0:00 
Johnny Oduya             0  0  0  -1  0   1  4  2  1  1  0/0    26:34   1:00   4:51 
Kris Versteeg            0  1  1  -4  0   0  1  0  1  0  0/0    15:09   1:19   0:00 
Niclas Wallin            0  0  0  -3  0   1  1  1  0  0  0/0    17:26   0:00   1:16 
Oleg Kvasha              0  1  1   1  0   1  1  0  0  0  1/4     7:33   0:00   2:02 
Robert Nilsson           1  0  1  -1  0   6  1  0  0  0  16/35  23:30   1:19   3:36 
Scott Gomez              0  0  0  -4  2   1  2  2  1  0  5/8    14:56   0:55   0:09 
Sheldon Keefe            0  0  0  -1  0   2  0  2  0  1  0/0    16:40   0:00   2:53 
Steve Bernier            0  0  0  -1  2   0  1  0  1  1  0/0    19:20   0:55   0:00 
Wes O'Neill              0  0  0   0  0   0  1  1  0  0  0/0    12:50   0:00   5:52 

3 Stars

1 - Matt Stajan (Van)
2 - Peter Worrell (Van)
3 - Joe Sakic (Van)

Power Play

Canucks - 0 on 5 Attempt(s) - 0,00%
Blackhawks - 1 on 2 Attempt(s) - 50,00%

Penalty Kill

Canucks - 1 on 2 Attempt(s) - 50,00% - Score 0 goal in Penalty Kill
Blackhawks - 5 on 5 Attempt(s) - 100,00% - Score 0 goal in Penalty Kill

Official

Referees : Walkom Stephen and Rehman Kyle
Linesman : Jay Sharrers and Jonny Murray

Game Notes

Jocelyn Thibault enters game at 7:13 of 2nd period
Chris Campoli is injured at 19:26 of 2nd period (Lower Body)

Finance

Level 1 -- Attendance: 5245 (87,42%) -- Ticket Income 461 560 $
Level 2 -- Attendance: 5000 (100,00%) -- Ticket Income 265 000 $
Level 3 -- Attendance: 1559 (77,95%) -- Ticket Income 53 006 $
Level 4 -- Attendance: 3059 (76,48%) -- Ticket Income 67 298 $
Luxury Box -- Attendance: 907 (90,70%) -- Ticket Income 149 655 $
Game was played at the Chicago Stadium
Total Attendance: 15770 (87,61%)
Total Ticket Income: 996 519 $
Other Income: 149 478 $
Total Income: 1 145 997 $

Canucks

5 vs 5 Forward 
   Center                   Left Wing                Right Wing               Time % Phy DF OF 
 1 Matt Stajan              Peter Worrell            Jaromir Jagr             40     0   2  3  
 2 Joe Sakic                Clarke MacArthur         David Jones              39     0   2  3  
 3 Maxim Lapierre           Fabian Brunnstrom        Nikolai Zherdev          20     0   2  3  
 4 Ryan Craig               Alex Tanguay             Jeremy Williams          1      0   3  2  

5 vs 5 Defense 
   Defense                  Defense                                           Time % Phy DF OF 
 1 Steve Montador           Kim Johnsson                                      40     0   3  2  
 2 Chris Phillips           Sami Lepisto                                      30     0   3  2  
 3 Andy Rogers              Taylor Chorney                                    20     0   3  2  
 4 Steve Montador           Kim Johnsson                                      10     0   3  2  

PowerPlay Forward 
   Center                   Left Wing                Right Wing               Time % Phy DF OF 
 1 Matt Stajan              Peter Worrell            Jaromir Jagr             60     0   2  3  
 2 Joe Sakic                Clarke MacArthur         David Jones              40     0   2  3  

PowerPlay Defense
   Defense                  Defense                                           Time % Phy DF OF 
 1 Steve Montador           Kim Johnsson                                      60     0   2  3  
 2 Chris Phillips           Sami Lepisto                                      40     0   2  3  

Penalty Kill 4 Players Forward 
   Center                   Wing                     Time % Phy DF OF 
 1 Jaromir Jagr             Peter Worrell            60     1   2  2  
 2 Matt Stajan              Joe Sakic                40     1   2  2  

Penalty Kill 4 Players Defense
   Defense                  Defense                  Time % Phy DF OF 
 1 Steve Montador           Kim Johnsson             60     1   2  2  
 2 Chris Phillips           Sami Lepisto             40     1   2  2  

Penalty Kill - 3 Players Forward 
   Forward                                           Time % Phy DF OF 
 1 Jaromir Jagr                                      60     1   2  2  
 2 Peter Worrell                                     40     1   2  2  

Penalty Kill - 3 Players Defense
   Defense                  Defense                  Time % Phy DF OF 
 1 Steve Montador           Kim Johnsson             60     1   2  2  
 2 Chris Phillips           Sami Lepisto             40     1   2  2  

4 vs 4 Forward 
   Center                   Wing                     Time % Phy DF OF 
 1 Jaromir Jagr             Peter Worrell            60     1   2  2  
 2 Matt Stajan              Joe Sakic                40     1   2  2  

4 vs 4 Defense
   Defense                  Defense                  Time % Phy DF OF 
 1 Steve Montador           Kim Johnsson             60     1   2  2  
 2 Chris Phillips           Sami Lepisto             40     1   2  2  

Last Minutes Offensive
   Center                   Left Wing                Right Wing               Defense                  Defense                  
   Matt Stajan              Peter Worrell            Jaromir Jagr             Steve Montador           Kim Johnsson             

Last Minutes Defensive
   Center                   Left Wing                Right Wing               Defense                  Defense                  
   Matt Stajan              Peter Worrell            Jaromir Jagr             Steve Montador           Kim Johnsson             

Goaltenders
Starting : Carey Price              
Backup : José Theodore            

Extra Forwards
Normal : Fabian Brunnstrom, Alex Tanguay, Nikolai Zherdev - PP : Fabian Brunnstrom, Alex Tanguay - PK : Nikolai Zherdev
Extra Defensemen
Normal : Andy Rogers, Taylor Chorney, Chris Phillips - PP : Andy Rogers - PK : Taylor Chorney, Chris Phillips
Penalty Shots
Jaromir Jagr, Peter Worrell, Matt Stajan, Joe Sakic, Clarke MacArthur

Blackhawks

5 vs 5 Forward 
   Center                   Left Wing                Right Wing               Time % Phy DF OF 
 1 Robert Nilsson           Henrik Zetterberg        Steve Bernier            40     1   2  2  
 2 Scott Gomez              Kris Versteeg            Jamie Langenbrunner      30     1   2  2  
 3 Dominic Moore            Chris Higgins            George Parros            20     1   2  2  
 4 Oleg Kvasha              Daniel Carcillo          Sheldon Keefe            10     1   2  2  

5 vs 5 Defense 
   Defense                  Defense                                           Time % Phy DF OF 
 1 Johnny Oduya             Jeff Schultz                                      40     1   2  2  
 2 Chris Campoli            Niclas Wallin                                     30     1   2  2  
 3 Sheldon Keefe            John Carlson                                      20     1   2  2  
 4 Johnny Oduya             Jeff Schultz                                      10     1   2  2  

PowerPlay Forward 
   Center                   Left Wing                Right Wing               Time % Phy DF OF 
 1 Robert Nilsson           Kris Versteeg            Jamie Langenbrunner      60     1   2  2  
 2 Scott Gomez              Chris Higgins            Steve Bernier            40     1   2  2  

PowerPlay Defense
   Defense                  Defense                                           Time % Phy DF OF 
 1 Henrik Zetterberg        John Carlson                                      60     1   2  2  
 2 Chris Campoli            Johnny Oduya                                      40     1   2  2  

Penalty Kill 4 Players Forward 
   Center                   Wing                     Time % Phy DF OF 
 1 Dominic Moore            Jamie Langenbrunner      60     1   2  2  
 2 Robert Nilsson           Sheldon Keefe            40     1   2  2  

Penalty Kill 4 Players Defense
   Defense                  Defense                  Time % Phy DF OF 
 1 Wes O'Neill              Jeff Schultz             60     1   2  2  
 2 Chris Campoli            Johnny Oduya             40     1   2  2  

Penalty Kill - 3 Players Forward 
   Forward                                           Time % Phy DF OF 
 1 Henrik Zetterberg                                 60     1   2  2  
 2 Robert Nilsson                                    40     1   2  2  

Penalty Kill - 3 Players Defense
   Defense                  Defense                  Time % Phy DF OF 
 1 Johnny Oduya             Jeff Schultz             60     1   2  2  
 2 Chris Campoli            Wes O'Neill              40     1   2  2  

4 vs 4 Forward 
   Center                   Wing                     Time % Phy DF OF 
 1 Robert Nilsson           Henrik Zetterberg        60     1   2  2  
 2 Scott Gomez              Kris Versteeg            40     1   2  2  

4 vs 4 Defense
   Defense                  Defense                  Time % Phy DF OF 
 1 Johnny Oduya             Jeff Schultz             60     1   2  2  
 2 Chris Campoli            Wes O'Neill              40     1   2  2  

Last Minutes Offensive
   Center                   Left Wing                Right Wing               Defense                  Defense                  
   Robert Nilsson           Henrik Zetterberg        George Parros            Johnny Oduya             Jeff Schultz             

Last Minutes Defensive
   Center                   Left Wing                Right Wing               Defense                  Defense                  
   Robert Nilsson           Henrik Zetterberg        George Parros            Johnny Oduya             Jeff Schultz             

Goaltenders
Starting : Roberto Luongo           
Backup : Jocelyn Thibault         

Extra Forwards
Normal : Oleg Kvasha, Chris Higgins, Dominic Moore - PP : Oleg Kvasha, Chris Higgins - PK : Dominic Moore
Extra Defensemen
Normal : Niclas Wallin, Wes O'Neill, Chris Campoli - PP : Niclas Wallin - PK : Johnny Oduya, Chris Campoli
Penalty Shots
Henrik Zetterberg, Robert Nilsson, Kris Versteeg, Scott Gomez, George Parros

% Time on Ice - Canucks

Lines # - Real PCT - Wanted PCT - Time Play
Normal Forward
1 - 32% - 40% - 15:32
2 - 33% - 39% - 15:37
3 - 21% - 20% - 10:12
4 - 14% - 1% - 6:30
Normal Defense
1 - 42% - 40% - 19:59
2 - 31% - 30% - 14:50
3 - 24% - 20% - 11:22
4 - 3% - 10% - 1:40
PP Forward
1 - 56% - 60% - 5:34
2 - 44% - 40% - 4:21
PP Defense
1 - 53% - 60% - 5:18
2 - 47% - 40% - 4:37
PK Forward
1 - 76% - 60% - 1:42
2 - 24% - 40% - 0:32
PK Defense
1 - 63% - 60% - 1:24
2 - 37% - 40% - 0:50
PK3 Forward
1 - 0% - 60%
2 - 0% - 40%
PK3 Defense
1 - 0% - 60%
2 - 0% - 40%
44 Forward
1 - 0% - 60%
2 - 0% - 40%
44 Defense
1 - 0% - 60%
2 - 0% - 40%
Last Minute Offensive  - 0:00
Last Minute Defensive  - 0:00
Total
Forward - 60:00
Defense - 60:00

% Time on Ice - Blackhawks

Lines # - Real PCT - Wanted PCT - Time Play
Normal Forward
1 - 39% - 40% - 18:34
2 - 29% - 30% - 13:52
3 - 21% - 20% - 9:56
4 - 11% - 10% - 5:29
Normal Defense
1 - 41% - 40% - 19:44
2 - 33% - 30% - 15:52
3 - 22% - 20% - 10:42
4 - 3% - 10% - 1:33
PP Forward
1 - 59% - 60% - 1:19
2 - 41% - 40% - 0:55
PP Defense
1 - 55% - 60% - 1:14
2 - 45% - 40% - 1:00
PK Forward
1 - 71% - 60% - 7:02
2 - 29% - 40% - 2:53
PK Defense
1 - 62% - 60% - 6:06
2 - 38% - 40% - 3:49
PK3 Forward
1 - 0% - 60%
2 - 0% - 40%
PK3 Defense
1 - 0% - 60%
2 - 0% - 40%
44 Forward
1 - 0% - 60%
2 - 0% - 40%
44 Defense
1 - 0% - 60%
2 - 0% - 40%
Last Minute Offensive  - 0:00
Last Minute Defensive  - 0:00
Total
Forward - 60:00
Defense - 60:00

Play by Play

1st period


0:01 of 1st period - Robert Nilsson wins face-off versus Matt Stajan in neutral zone.
0:10 of 1st period - Snap shot by Jaromir Jagr.
0:10 of 1st period - Shot Misses the Net.
0:12 of 1st period - Wrist shot by Jaromir Jagr.
0:12 of 1st period - Stopped by Roberto Luongo with a rebound.
0:14 of 1st period - Snap shot by Steve Montador.
0:14 of 1st period - Stopped by Roberto Luongo with a rebound.
0:59 of 1st period - Slapshot by Chris Higgins.
0:59 of 1st period - Deflect By George Parros.
0:59 of 1st period - Stopped by Carey Price without a rebound.
1:00 of 1st period - Matt Stajan wins face-off versus Oleg Kvasha in Canucks zone.
1:47 of 1st period - Steve Bernier is hit by David Jones and loses puck.
2:02 of 1st period - Snap shot by David Jones.
2:02 of 1st period - Stopped by Roberto Luongo without a rebound.
2:03 of 1st period - Scott Gomez wins face-off versus Matt Stajan in Blackhawks zone.
2:51 of 1st period - Wrist shot by Daniel Carcillo.
2:51 of 1st period - Stopped by Carey Price with a rebound.
2:59 of 1st period - Minor Penalty to Ryan Craig for Roughing.
3:00 of 1st period - Jaromir Jagr wins face-off versus Robert Nilsson in Canucks zone.
3:08 of 1st period - Off-side.
3:09 of 1st period - Robert Nilsson wins face-off versus Jaromir Jagr in neutral zone.
3:14 of 1st period - Snap shot by Robert Nilsson.
3:14 of 1st period - Goal by Robert Nilsson - Canucks : 0 - Blackhawks : 1.
3:15 of 1st period - Matt Stajan wins face-off versus Robert Nilsson in neutral zone.
3:52 of 1st period - Wrist shot by David Jones.
3:52 of 1st period - Stopped by Roberto Luongo without a rebound.
3:53 of 1st period - Chris Higgins wins face-off versus Maxim Lapierre in Blackhawks zone.
4:08 of 1st period - Jeff Schultz is hit by Maxim Lapierre and loses puck.
4:26 of 1st period - Henrik Zetterberg is hit by Matt Stajan and loses puck.
4:33 of 1st period - Sami Lepisto is hit by Johnny Oduya and loses puck.
4:51 of 1st period - Icing by Niclas Wallin.
4:52 of 1st period - Scott Gomez wins face-off versus Joe Sakic in Blackhawks zone.
4:52 of 1st period - Scott Gomez is hit by Kim Johnsson.
5:04 of 1st period - Snap shot by Clarke MacArthur.
5:04 of 1st period - Shot Blocked by Scott Gomez.
5:06 of 1st period - Slapshot by Joe Sakic.
5:06 of 1st period - Goal by Joe Sakic - Canucks : 1 - Blackhawks : 1.
5:07 of 1st period - Robert Nilsson wins face-off versus Matt Stajan in neutral zone.
5:10 of 1st period - Wrist shot by Robert Nilsson.
5:10 of 1st period - Stopped by Carey Price without a rebound.
5:11 of 1st period - Matt Stajan wins face-off versus Robert Nilsson in Canucks zone.
6:46 of 1st period - Wrist shot by Matt Stajan.
6:46 of 1st period - Shot Misses the Net.
6:48 of 1st period - Snap shot by Peter Worrell.
6:48 of 1st period - Stopped by Roberto Luongo without a rebound.
6:49 of 1st period - Robert Nilsson wins face-off versus Joe Sakic in Blackhawks zone.
7:16 of 1st period - Jaromir Jagr is hit by Johnny Oduya and loses puck.
7:42 of 1st period - Chris Campoli is hit by Maxim Lapierre and loses puck.
7:56 of 1st period - Minor Penalty to Alex Tanguay for Hooking.
7:57 of 1st period - Jaromir Jagr wins face-off versus Robert Nilsson in Canucks zone.
9:11 of 1st period - Scott Gomez is hit by Joe Sakic and loses puck.
9:36 of 1st period - Backhand shot by Nikolai Zherdev.
9:36 of 1st period - Stopped by Roberto Luongo without a rebound.
9:37 of 1st period - Scott Gomez wins face-off versus Nikolai Zherdev in Blackhawks zone.
9:56 of 1st period - Penalty to Alex Tanguay is over, Alex Tanguay is back on ice.
11:08 of 1st period - Jamie Langenbrunner is hit by Steve Montador and loses puck.
11:27 of 1st period - Snap shot by David Jones.
11:27 of 1st period - Shot Misses the Net.
11:29 of 1st period - Snap shot by Joe Sakic.
11:29 of 1st period - Shot Blocked by Johnny Oduya.
11:35 of 1st period - Minor Penalty to Dominic Moore for Slashing.
11:36 of 1st period - Matt Stajan wins face-off versus Oleg Kvasha in Blackhawks zone.
11:47 of 1st period - Snap shot by Jaromir Jagr.
11:47 of 1st period - Shot Misses the Net.
11:49 of 1st period - Slapshot by Steve Montador.
11:49 of 1st period - Stopped by Roberto Luongo without a rebound.
11:50 of 1st period - Jamie Langenbrunner wins face-off versus Matt Stajan in Blackhawks zone.
13:35 of 1st period - Penalty to Dominic Moore is over, Dominic Moore is back on ice.
14:18 of 1st period - Minor Penalty to Chris Higgins for Holding.
14:19 of 1st period - Peter Worrell wins face-off versus Dominic Moore in Blackhawks zone.
14:19 of 1st period - Snap shot by Jaromir Jagr.
14:19 of 1st period - Deflect By Peter Worrell.
14:19 of 1st period - Shot Misses the Net.
14:19 of 1st period - Puck is out of play.
14:20 of 1st period - Dominic Moore wins face-off versus Matt Stajan in Blackhawks zone.
16:18 of 1st period - Penalty to Chris Higgins is over, Chris Higgins is back on ice.
17:45 of 1st period - Johnny Oduya is hit by Fabian Brunnstrom and loses puck.
18:08 of 1st period - Henrik Zetterberg is hit by Peter Worrell and loses puck.
18:40 of 1st period - Snap shot by Robert Nilsson.
18:40 of 1st period - Shot Misses the Net.
18:54 of 1st period - Jaromir Jagr is hit by Scott Gomez and loses puck.
19:15 of 1st period - Wrist shot by Dominic Moore.
19:15 of 1st period - Shot Misses the Net.
19:23 of 1st period - Snap shot by Chris Higgins.
19:23 of 1st period - Stopped by Carey Price with a rebound.
19:33 of 1st period - Joe Sakic is hit by Daniel Carcillo and loses puck.
Goals for this period are 1 for Canucks vs 1 for Blackhawks.
Shots for this period are 8 for Canucks vs 5 for Blackhawks.

2nd period


0:01 of 2nd period - Robert Nilsson wins face-off versus Matt Stajan in neutral zone.
0:06 of 2nd period - Wrist shot by Robert Nilsson.
0:06 of 2nd period - Stopped by Carey Price with a rebound.
0:12 of 2nd period - Slapshot by Steve Montador.
0:12 of 2nd period - Shot Misses the Net.
0:14 of 2nd period - Backhand shot by Steve Montador.
0:14 of 2nd period - Stopped by Roberto Luongo with a rebound.
0:16 of 2nd period - Snap shot by Matt Stajan.
0:16 of 2nd period - Shot Misses the Net.
0:35 of 2nd period - Snap shot by Jamie Langenbrunner.
0:35 of 2nd period - Shot Misses the Net.
1:09 of 2nd period - Wrist shot by Alex Tanguay.
1:09 of 2nd period - Stopped by Roberto Luongo with a rebound.
1:11 of 2nd period - Snap shot by Ryan Craig.
1:11 of 2nd period - Stopped by Roberto Luongo with a rebound.
1:13 of 2nd period - Snap shot by Jeremy Williams.
1:13 of 2nd period - Deflect By Chris Campoli.
1:13 of 2nd period - Stopped by Roberto Luongo without a rebound.
1:14 of 2nd period - Ryan Craig wins face-off versus Oleg Kvasha in Blackhawks zone.
1:21 of 2nd period - Wrist shot by Jeremy Williams.
1:21 of 2nd period - Shot Misses the Net.
1:50 of 2nd period - Wrist shot by Henrik Zetterberg.
1:50 of 2nd period - Stopped by Carey Price with a rebound.
2:33 of 2nd period - Icing by Chris Campoli.
2:34 of 2nd period - Dominic Moore wins face-off versus Matt Stajan in Blackhawks zone.
2:56 of 2nd period - Icing by Niclas Wallin.
2:57 of 2nd period - Robert Nilsson wins face-off versus Joe Sakic in Blackhawks zone.
3:26 of 2nd period - Snap shot by Peter Worrell.
3:26 of 2nd period - Deflect By Matt Stajan.
3:26 of 2nd period - Goal by Matt Stajan - Canucks : 2 - Blackhawks : 1.
3:27 of 2nd period - Henrik Zetterberg wins face-off versus Matt Stajan in neutral zone.
3:30 of 2nd period - Snap shot by Robert Nilsson.
3:30 of 2nd period - Shot Blocked by Jaromir Jagr.
4:00 of 2nd period - Sheldon Keefe is hit by David Jones and loses puck.
4:07 of 2nd period - Slapshot by David Jones.
4:07 of 2nd period - Shot Blocked by Sheldon Keefe.
4:39 of 2nd period - Slapshot by Steve Montador.
4:39 of 2nd period - Shot Misses the Net.
5:25 of 2nd period - George Parros is hit by Steve Montador and loses puck.
5:54 of 2nd period - Slapshot by Sami Lepisto.
5:54 of 2nd period - Stopped by Roberto Luongo with a rebound.
6:20 of 2nd period - Peter Worrell is hit by Oleg Kvasha and loses puck.
6:47 of 2nd period - Backhand shot by Matt Stajan.
6:47 of 2nd period - Shot Misses the Net.
6:49 of 2nd period - Wrist shot by Sami Lepisto.
6:49 of 2nd period - Shot Misses the Net.
6:57 of 2nd period - Snap shot by Peter Worrell.
6:57 of 2nd period - Goal by Peter Worrell - Canucks : 3 - Blackhawks : 1.
6:58 of 2nd period - Joe Sakic wins face-off versus Robert Nilsson in neutral zone.
7:11 of 2nd period - Backhand shot by Joe Sakic.
7:11 of 2nd period - Shot Misses the Net.
7:13 of 2nd period - Snap shot by Clarke MacArthur.
7:13 of 2nd period - Goal by Clarke MacArthur - Canucks : 4 - Blackhawks : 1.
7:13 of 2nd period - Jocelyn Thibault enters game.
7:14 of 2nd period - Joe Sakic wins face-off versus Robert Nilsson in neutral zone.
7:23 of 2nd period - Backhand shot by Clarke MacArthur.
7:23 of 2nd period - Stopped by Jocelyn Thibault with a rebound.
7:25 of 2nd period - Slapshot by Clarke MacArthur.
7:25 of 2nd period - Shot Misses the Net.
7:27 of 2nd period - Slapshot by Kim Johnsson.
7:27 of 2nd period - Shot Blocked by Jeff Schultz.
7:29 of 2nd period - Slapshot by Kim Johnsson.
7:29 of 2nd period - Stopped by Jocelyn Thibault without a rebound.
7:30 of 2nd period - Scott Gomez wins face-off versus Matt Stajan in Blackhawks zone.
7:42 of 2nd period - Slapshot by Jaromir Jagr.
7:42 of 2nd period - Stopped by Jocelyn Thibault without a rebound.
7:43 of 2nd period - Robert Nilsson wins face-off versus Joe Sakic in Blackhawks zone.
7:50 of 2nd period - Snap shot by Robert Nilsson.
7:50 of 2nd period - Shot Blocked by Joe Sakic.
8:31 of 2nd period - Snap shot by Fabian Brunnstrom.
8:31 of 2nd period - Shot Blocked by Sheldon Keefe.
9:09 of 2nd period - Minor Penalty to Steve Bernier for Roughing.
9:10 of 2nd period - Dominic Moore wins face-off versus Matt Stajan in Blackhawks zone.
9:39 of 2nd period - Slapshot by Sami Lepisto.
9:39 of 2nd period - Shot Misses the Net.
10:21 of 2nd period - David Jones is hit by Chris Campoli and loses puck.
11:09 of 2nd period - Penalty to Steve Bernier is over, Steve Bernier is back on ice.
11:15 of 2nd period - Nikolai Zherdev is hit by Scott Gomez and loses puck.
11:41 of 2nd period - Slapshot by Henrik Zetterberg.
11:41 of 2nd period - Deflect By Robert Nilsson.
11:41 of 2nd period - Shot Blocked by Andy Rogers.
11:41 of 2nd period - Puck is out of play.
11:42 of 2nd period - Jeremy Williams wins face-off versus Robert Nilsson in Canucks zone.
11:55 of 2nd period - Taylor Chorney is hit by Robert Nilsson and loses puck.
13:04 of 2nd period - Dominic Moore is hit by Jeremy Williams and loses puck.
13:21 of 2nd period - Slapshot by George Parros.
13:21 of 2nd period - Goal by George Parros - Canucks : 4 - Blackhawks : 2.
13:22 of 2nd period - Robert Nilsson wins face-off versus Matt Stajan in neutral zone.
13:26 of 2nd period - Off-side.
13:27 of 2nd period - Matt Stajan wins face-off versus Robert Nilsson in neutral zone.
13:42 of 2nd period - Peter Worrell is hit by Steve Bernier and loses puck.
13:52 of 2nd period - Minor Penalty to Jeff Schultz for Hooking.
13:53 of 2nd period - Dominic Moore wins face-off versus Jaromir Jagr in Blackhawks zone.
14:07 of 2nd period - Wrist shot by Jaromir Jagr.
14:07 of 2nd period - Deflect By Matt Stajan.
14:07 of 2nd period - Shot Blocked by Wes O'Neill.
14:07 of 2nd period - Puck is out of play.
14:08 of 2nd period - Matt Stajan wins face-off versus Dominic Moore in Blackhawks zone.
14:51 of 2nd period - Sheldon Keefe is hit by Jaromir Jagr and loses puck.
15:12 of 2nd period - Sami Lepisto is hit by Dominic Moore and loses puck.
15:52 of 2nd period - Penalty to Jeff Schultz is over, Jeff Schultz is back on ice.
16:29 of 2nd period - Slapshot by Scott Gomez.
16:29 of 2nd period - Stopped by Carey Price with a rebound.
17:05 of 2nd period - Snap shot by Oleg Kvasha.
17:05 of 2nd period - Deflect By Steve Montador.
17:05 of 2nd period - Shot Misses the Net.
17:05 of 2nd period - Puck is out of play.
17:06 of 2nd period - Oleg Kvasha wins face-off versus Matt Stajan in Canucks zone.
17:11 of 2nd period - Snap shot by Daniel Carcillo.
17:11 of 2nd period - Stopped by Carey Price with a rebound.
17:13 of 2nd period - Snap shot by Chris Higgins.
17:13 of 2nd period - Shot Misses the Net.
17:21 of 2nd period - Slapshot by Daniel Carcillo.
17:21 of 2nd period - Stopped by Carey Price with a rebound.
17:33 of 2nd period - Henrik Zetterberg is hit by Joe Sakic and loses puck.
17:40 of 2nd period - Snap shot by Clarke MacArthur.
17:40 of 2nd period - Stopped by Jocelyn Thibault with a rebound.
17:42 of 2nd period - Slapshot by Chris Phillips.
17:42 of 2nd period - Stopped by Jocelyn Thibault without a rebound.
17:43 of 2nd period - Maxim Lapierre wins face-off versus Scott Gomez in Blackhawks zone.
17:53 of 2nd period - Snap shot by Fabian Brunnstrom.
17:53 of 2nd period - Stopped by Jocelyn Thibault with a rebound.
17:57 of 2nd period - Snap shot by Maxim Lapierre.
17:57 of 2nd period - Stopped by Jocelyn Thibault without a rebound.
17:58 of 2nd period - Robert Nilsson wins face-off versus Joe Sakic in Blackhawks zone.
17:58 of 2nd period - Robert Nilsson is hit by Kim Johnsson.
18:04 of 2nd period - Wrist shot by Robert Nilsson.
18:04 of 2nd period - Shot Misses the Net.
18:06 of 2nd period - Slapshot by Chris Campoli.
18:06 of 2nd period - Stopped by Carey Price with a rebound.
18:15 of 2nd period - Slapshot by Chris Campoli.
18:15 of 2nd period - Stopped by Carey Price with a rebound.
18:25 of 2nd period - Niclas Wallin is hit by Matt Stajan and loses puck.
18:30 of 2nd period - Snap shot by Jaromir Jagr.
18:30 of 2nd period - Deflect By Matt Stajan.
18:30 of 2nd period - Goal by Matt Stajan - Canucks : 5 - Blackhawks : 2.
18:31 of 2nd period - Matt Stajan wins face-off versus Robert Nilsson in neutral zone.
18:48 of 2nd period - Wrist shot by Henrik Zetterberg.
18:48 of 2nd period - Shot Blocked by Kim Johnsson.
19:04 of 2nd period - Wrist shot by George Parros.
19:04 of 2nd period - Shot Misses the Net.
19:10 of 2nd period - Slapshot by Chris Higgins.
19:10 of 2nd period - Stopped by Carey Price with a rebound.
19:12 of 2nd period - Wrist shot by Jeff Schultz.
19:12 of 2nd period - Deflect By Chris Higgins.
19:12 of 2nd period - Stopped by Carey Price without a rebound.
19:13 of 2nd period - Joe Sakic wins face-off versus Scott Gomez in Canucks zone.
19:26 of 2nd period - Backhand shot by Clarke MacArthur.
19:26 of 2nd period - Shot Blocked by Chris Campoli.
19:26 of 2nd period - Chris Campoli from Blackhawks is injured at 19:26 of 2nd period (Lower Body).
19:27 of 2nd period - Robert Nilsson wins face-off versus Joe Sakic in Blackhawks zone.
19:54 of 2nd period - Matt Stajan is hit by Jamie Langenbrunner and loses puck.
Goals for this period are 4 for Canucks vs 1 for Blackhawks.
Shots for this period are 16 for Canucks vs 10 for Blackhawks.

3rd period


0:01 of 3rd period - Joe Sakic wins face-off versus Robert Nilsson in neutral zone.
0:04 of 3rd period - Snap shot by Sami Lepisto.
0:04 of 3rd period - Stopped by Jocelyn Thibault with a rebound.
0:11 of 3rd period - Icing by Henrik Zetterberg.
0:12 of 3rd period - Robert Nilsson wins face-off versus Joe Sakic in Blackhawks zone.
0:19 of 3rd period - Backhand shot by Robert Nilsson.
0:19 of 3rd period - Stopped by Carey Price with a rebound.
0:54 of 3rd period - Wrist shot by Joe Sakic.
0:54 of 3rd period - Stopped by Jocelyn Thibault with a rebound.
0:56 of 3rd period - Slapshot by Joe Sakic.
0:56 of 3rd period - Stopped by Jocelyn Thibault without a rebound.
0:57 of 3rd period - Matt Stajan wins face-off versus Scott Gomez in Blackhawks zone.
2:07 of 3rd period - Wrist shot by Henrik Zetterberg.
2:07 of 3rd period - Shot Blocked by Steve Montador.
2:09 of 3rd period - Slapshot by John Carlson.
2:09 of 3rd period - Deflect By Clarke MacArthur.
2:09 of 3rd period - Stopped by Carey Price without a rebound.
2:10 of 3rd period - Robert Nilsson wins face-off versus Joe Sakic in Canucks zone.
2:19 of 3rd period - Robert Nilsson is hit by Kim Johnsson and loses puck.
2:36 of 3rd period - Joe Sakic is hit by Johnny Oduya and loses puck.
2:59 of 3rd period - Backhand shot by Joe Sakic.
2:59 of 3rd period - Shot Blocked by Niclas Wallin.
3:01 of 3rd period - Slapshot by Kim Johnsson.
3:01 of 3rd period - Shot Misses the Net.
3:03 of 3rd period - Wrist shot by Clarke MacArthur.
3:03 of 3rd period - Shot Blocked by Scott Gomez.
3:33 of 3rd period - Slapshot by David Jones.
3:33 of 3rd period - Deflect By Scott Gomez.
3:33 of 3rd period - Shot Misses the Net.
3:33 of 3rd period - Puck is out of play.
3:34 of 3rd period - Matt Stajan wins face-off versus Robert Nilsson in Blackhawks zone.
3:43 of 3rd period - Slapshot by Matt Stajan.
3:43 of 3rd period - Deflect By Peter Worrell.
3:43 of 3rd period - Stopped by Jocelyn Thibault without a rebound.
3:44 of 3rd period - Matt Stajan wins face-off versus Robert Nilsson in Blackhawks zone.
3:52 of 3rd period - Icing by Henrik Zetterberg.
3:53 of 3rd period - Matt Stajan wins face-off versus Robert Nilsson in Blackhawks zone.
4:32 of 3rd period - Snap shot by Fabian Brunnstrom.
4:32 of 3rd period - Goal by Fabian Brunnstrom - Canucks : 6 - Blackhawks : 2.
4:33 of 3rd period - Robert Nilsson wins face-off versus Matt Stajan in neutral zone.
4:55 of 3rd period - Icing by Robert Nilsson.
4:56 of 3rd period - Joe Sakic wins face-off versus Robert Nilsson in Blackhawks zone.
5:26 of 3rd period - Wes O'Neill is hit by Jaromir Jagr and loses puck.
5:45 of 3rd period - Fabian Brunnstrom is hit by George Parros and loses puck.
5:50 of 3rd period - Wrist shot by Chris Higgins.
5:50 of 3rd period - Shot Misses the Net.
5:52 of 3rd period - Slapshot by Sheldon Keefe.
5:52 of 3rd period - Stopped by Carey Price with a rebound.
6:02 of 3rd period - John Carlson is hit by Kim Johnsson and loses puck.
6:52 of 3rd period - Wrist shot by George Parros.
6:52 of 3rd period - Stopped by Carey Price with a rebound.
7:06 of 3rd period - Wrist shot by Sheldon Keefe.
7:06 of 3rd period - Stopped by Carey Price without a rebound.
7:07 of 3rd period - Robert Nilsson wins face-off versus Maxim Lapierre in Canucks zone.
7:41 of 3rd period - Minor Penalty to Scott Gomez for Holding.
7:42 of 3rd period - Matt Stajan wins face-off versus Dominic Moore in Blackhawks zone.
9:16 of 3rd period - Icing by Kim Johnsson.
9:17 of 3rd period - Joe Sakic wins face-off versus Dominic Moore in Canucks zone.
9:41 of 3rd period - Penalty to Scott Gomez is over, Scott Gomez is back on ice.
10:08 of 3rd period - Wrist shot by Daniel Carcillo.
10:08 of 3rd period - Shot Misses the Net.
10:16 of 3rd period - Jeremy Williams is hit by Chris Higgins and loses puck.
10:29 of 3rd period - Jaromir Jagr is hit by Kris Versteeg and loses puck.
11:00 of 3rd period - Snap shot by Clarke MacArthur.
11:00 of 3rd period - Shot Misses the Net.
11:04 of 3rd period - Slapshot by Joe Sakic.
11:04 of 3rd period - Shot Misses the Net.
11:34 of 3rd period - Snap shot by Jaromir Jagr.
11:34 of 3rd period - Shot Misses the Net.
11:36 of 3rd period - Snap shot by Andy Rogers.
11:36 of 3rd period - Shot Misses the Net.
11:38 of 3rd period - Slapshot by Taylor Chorney.
11:38 of 3rd period - Shot Misses the Net.
11:50 of 3rd period - Slapshot by Clarke MacArthur.
11:50 of 3rd period - Stopped by Jocelyn Thibault without a rebound.
11:51 of 3rd period - Joe Sakic wins face-off versus Robert Nilsson in Blackhawks zone.
11:52 of 3rd period - Wrist shot by Clarke MacArthur.
11:52 of 3rd period - Stopped by Jocelyn Thibault with a rebound.
13:44 of 3rd period - Sami Lepisto is hit by Niclas Wallin and loses puck.
13:59 of 3rd period - Niclas Wallin is hit by Maxim Lapierre and loses puck.
14:16 of 3rd period - Wrist shot by Alex Tanguay.
14:16 of 3rd period - Shot Misses the Net.
14:18 of 3rd period - Wrist shot by Jeremy Williams.
14:18 of 3rd period - Shot Misses the Net.
14:26 of 3rd period - Scott Gomez is hit by Alex Tanguay and loses puck.
14:45 of 3rd period - Wrist shot by Kris Versteeg.
14:45 of 3rd period - Shot Misses the Net.
14:47 of 3rd period - Snap shot by Niclas Wallin.
14:47 of 3rd period - Stopped by Carey Price without a rebound.
14:48 of 3rd period - Robert Nilsson wins face-off versus Matt Stajan in Canucks zone.
14:57 of 3rd period - Wrist shot by Henrik Zetterberg.
14:57 of 3rd period - Deflect By Robert Nilsson.
14:57 of 3rd period - Stopped by Carey Price without a rebound.
14:58 of 3rd period - Matt Stajan wins face-off versus Henrik Zetterberg in Canucks zone.
15:05 of 3rd period - Snap shot by Matt Stajan.
15:05 of 3rd period - Deflect By Jaromir Jagr.
15:05 of 3rd period - Shot Blocked by Johnny Oduya.
15:05 of 3rd period - Puck is out of play.
15:06 of 3rd period - Matt Stajan wins face-off versus Robert Nilsson in Blackhawks zone.
15:09 of 3rd period - Slapshot by Matt Stajan.
15:09 of 3rd period - Stopped by Jocelyn Thibault with a rebound.
15:11 of 3rd period - Slapshot by Steve Montador.
15:11 of 3rd period - Stopped by Jocelyn Thibault with a rebound.
15:13 of 3rd period - Snap shot by Jaromir Jagr.
15:13 of 3rd period - Stopped by Jocelyn Thibault without a rebound.
15:14 of 3rd period - Jaromir Jagr wins face-off versus Robert Nilsson in Blackhawks zone.
15:21 of 3rd period - Wrist shot by Jaromir Jagr.
15:21 of 3rd period - Stopped by Jocelyn Thibault with a rebound.
15:23 of 3rd period - Snap shot by Jaromir Jagr.
15:23 of 3rd period - Shot Hit the Post.
15:25 of 3rd period - Snap shot by Matt Stajan.
15:25 of 3rd period - Shot Misses the Net.
15:27 of 3rd period - Snap shot by Steve Montador.
15:27 of 3rd period - Stopped by Jocelyn Thibault without a rebound.
15:28 of 3rd period - Joe Sakic wins face-off versus Robert Nilsson in Blackhawks zone.
15:37 of 3rd period - Snap shot by Robert Nilsson.
15:37 of 3rd period - Shot Misses the Net.
15:39 of 3rd period - Slapshot by Steve Bernier.
15:39 of 3rd period - Shot Misses the Net.
15:41 of 3rd period - Slapshot by Johnny Oduya.
15:41 of 3rd period - Stopped by Carey Price with a rebound.
15:43 of 3rd period - Slapshot by Johnny Oduya.
15:43 of 3rd period - Shot Misses the Net.
15:45 of 3rd period - Slapshot by Johnny Oduya.
15:45 of 3rd period - Shot Blocked by David Jones.
15:57 of 3rd period - Snap shot by Scott Gomez.
15:57 of 3rd period - Shot Misses the Net.
16:44 of 3rd period - Snap shot by Oleg Kvasha.
16:44 of 3rd period - Stopped by Carey Price with a rebound.
16:46 of 3rd period - Slapshot by Sheldon Keefe.
16:46 of 3rd period - Shot Blocked by Alex Tanguay.
16:56 of 3rd period - Joe Sakic is hit by Henrik Zetterberg and loses puck.
17:19 of 3rd period - Matt Stajan is hit by Johnny Oduya.
17:23 of 3rd period - Scott Gomez is hit by Peter Worrell and loses puck.
17:38 of 3rd period - Snap shot by Fabian Brunnstrom.
17:38 of 3rd period - Stopped by Jocelyn Thibault without a rebound.
17:39 of 3rd period - Joe Sakic wins face-off versus Dominic Moore in Blackhawks zone.
17:59 of 3rd period - Wrist shot by George Parros.
17:59 of 3rd period - Stopped by Carey Price without a rebound.
18:00 of 3rd period - Matt Stajan wins face-off versus Robert Nilsson in Canucks zone.
18:17 of 3rd period - Snap shot by Robert Nilsson.
18:17 of 3rd period - Stopped by Carey Price with a rebound.
18:29 of 3rd period - Kris Versteeg is hit by Taylor Chorney.
18:35 of 3rd period - Wrist shot by Clarke MacArthur.
18:35 of 3rd period - Stopped by Jocelyn Thibault without a rebound.
18:36 of 3rd period - Robert Nilsson wins face-off versus Joe Sakic in Blackhawks zone.
18:36 of 3rd period - Robert Nilsson is hit by David Jones.
19:11 of 3rd period - Snap shot by Henrik Zetterberg.
19:11 of 3rd period - Stopped by Carey Price with a rebound.
19:13 of 3rd period - Backhand shot by Jeff Schultz.
19:13 of 3rd period - Shot Blocked by Chris Phillips.
19:31 of 3rd period - Snap shot by Henrik Zetterberg.
19:31 of 3rd period - Stopped by Carey Price without a rebound.
19:32 of 3rd period - Scott Gomez wins face-off versus Matt Stajan in Canucks zone.
19:57 of 3rd period - Clarke MacArthur is hit by Wes O'Neill and loses puck.
Goals for this period are 1 for Canucks vs 0 for Blackhawks.
Shots for this period are 14 for Canucks vs 13 for Blackhawks.


Output by the SimonT Hockey Simulator (STHS) for François Prévost -- Original Page W3C XHTML 1.0 Valid
Hockey Simulator - Hockey Simulation - Hockey Manager